Description

s

Build Order

Get SALT Encoding   

  12  0:00  Drone  
  13  0:13  Overlord  
  13  0:17  Drone  
  14  0:33  Drone x2  
  16  0:50  Hatchery  
  16  0:55  Drone x3  
  18  1:12  Spawning Pool  
  18  1:16  Drone x2  
  19  1:29  Drone  
  19  1:32  Extractor  
  20  2:01  Queen x2  
  22  2:03  Overlord  
  28  2:27  Overlord  
  29  2:34  Overlord  
  30  2:37  Lair  
  30  2:38  Queen  
  38  3:04  Overlord  
  38  3:05  Overlord  
  42  3:17  Roach Warren  
  42  3:18  Evolution Chamber  
  42  3:29  Extractor x2  
  51  3:56  Glial Reconstitution  
  51  3:58  Zerg Missile Weapons Level 1  
  51  4:00  Overlord  
  51  4:01  Overlord  
  51  4:04  Hatchery  
  50  4:09  Roach x4  
  54  4:16  Roach  
  60  4:23  Roach x2  
  65  4:41  Queen  
  68  4:49  Hydralisk Den  
  68  3:33  Overlord x2  
  72  4:53  Evolution Chamber  
  81  5:29  Extractor x2  
  81  5:34  Extractor  
  87  5:37  Grooved Spines  
  87  5:38  Zerg Ground Armor Level 1  
  87  5:49  Hatchery  
  88  6:19  Hydralisk x10  
  112  6:26  Zerg Missile Weapons Level 2  
  120  6:48  Muscular Augments  
  135  7:12  Overseer x2  
  136  7:19  Extractor x2  
  154  7:43  Hatchery  
Spawning Tool Build Advisor. Get it on Overwolf

Go to:

Details

  • Created by: asdfer4t
  • Published on: Jan 05, 2023
  • Modified on: Apr 11, 2023
  • Patch: 4.11.0
  • Difficulty: Easy
Show
View Real Time Build Order
Export as new Build Order

Comments (0)

There are no comments. Be the first!

Create an account to comment!